 Dungeon Crawl Stone Soup version 0.18.1-8-gdd0e5ea (webtiles) character file.

1939 Lathuz the Basher (level 9, -1/51 HPs)
             Began as a Gargoyle Fighter on May 24, 2016.
             Was a Believer of Okawaru.
             Slain by an orc warrior
             ... wielding a +0 dire flail
              (3 damage)
             ... on level 6 of the Dungeon.
             The game lasted 00:14:39 (6032 turns).

Lathuz the Basher (Gargoyle Fighter)                Turns: 6032, Time: 00:14:39

Health: -1/51      AC: 18    Str: 20    XL:     9   Next: 18%
Magic:  9/9        EV:  5    Int:  9    God:    Okawaru [**....]
Gold:   284        SH: 14    Dex: 12    Spells: 0 memorised, 8 levels left

rFire  . . .     SeeInvis .     a - +0 flail
rCold  . . .     Gourm    .     s - +0 chain mail
rNeg   + . .     Faith    .     c - +0 shield
rPois  ∞         Spirit   .     (no helmet)
rElec  +         Dismiss  .     (no cloak)
rCorr  .         Reflect  +     m - +0 pair of gloves
SustAt .         Harm     .     r - +1 pair of boots
MR     .....                    E - +5 amulet of reflection
Stlth  ..........               (no ring)
                                (no ring)

@: not resistant to hostile enchantments, extremely unstealthy
A: negative energy resistance 1, electricity resistance, unbreathing,
petrification resistance, rot immunity, AC +5
a: Heroism, Renounce Religion


You were on level 6 of the Dungeon.
You worshipped Okawaru.
Okawaru was pleased with you.
You were not hungry.

You visited 1 branch of the dungeon, and saw 6 of its levels.

You collected 284 gold pieces.

Inventory:

Hand Weapons
 a - a +0 flail (weapon)
Missiles
 j - 233 stones (quivered)
Armour
 b - a +0 cloak
 c - a +0 shield (worn)
 m - a +0 pair of gloves (worn)
 r - a +1 pair of boots (worn)
 s - a +0 chain mail (worn)
Jewellery
 v - an uncursed amulet of guardian spirit
 C - an uncursed ring of protection from fire
 D - an uncursed ring of protection from cold
 E - a +5 amulet of reflection (around neck)
 G - an uncursed ring of resist corrosion
Wands
 w - a wand of lightning (7/15)
Scrolls
 e - a scroll of identify
 g - 2 scrolls of enchant armour {unknown}
 i - 5 scrolls of immolation
 k - 2 scrolls of remove curse {unknown}
 n - a scroll of blinking {unknown}
 u - a scroll of amnesia {unknown}
 x - 2 scrolls of recharging {unknown}
 y - 2 scrolls of noise {unknown}
 H - a scroll of magic mapping {unknown}
Potions
 d - 2 potions of might
 l - 2 potions of degeneration {unknown}
 p - a potion of agility {unknown}
 q - a potion of invisibility {unknown}
 t - a potion of heal wounds {unknown}
 A - a potion of brilliance {unknown}
 B - 4 potions of curing
Books
 o - a book of Callings

   Spells                             Type                      Level
   a - Summon Small Mammal            Summoning                    1
   b - Call Imp                       Summoning                    2
   c - Call Canine Familiar           Summoning                    3
   d - Summon Guardian Golem          Hexes/Summoning              3
   e - Summon Lightning Spire         Summoning/Air                4
   f - Summon Ice Beast               Ice/Summoning                4
Comestibles
 f - 7 bread rations
 h - a slice of pizza
 z - 3 meat rations
 F - 14 chunks of flesh


   Skills:
 - Level 3.2 Fighting
 + Level 11.6 Maces & Flails
 - Level 3.2 Armour
 - Level 3.2 Shields


You had 8 spell levels left.
You didn't know any spells.

Dungeon Overview and Level Annotations

Branches:
Dungeon (6/15)
 Temple: D:4-7

Altars:
Cheibriados
Dithmenos
Okawaru
Trog
Zin
The Shining One


Innate Abilities, Weirdness & Mutations

You are resistant to torment.
Your stone body is resilient (AC +5).
You are immune to poison.
You resist negative energy.
You are resistant to electric shocks.
You can survive without breathing.
You are immune to petrification.
You are immune to rotting.


Message History

The orc warrior is heavily wounded.
You block the orc warrior's attack.
You hit the orc warrior.
The orc warrior is heavily wounded.
You block the orc warrior's attack.
You barely miss the orc warrior.
The orc warrior is heavily wounded.
You block the orc warrior's attack.
You completely miss the orc warrior.
The orc warrior is heavily wounded.
You hit the orc warrior but do no damage.
The orc warrior is heavily wounded.
You block the orc warrior's attack.
You closely miss the orc warrior.
The orc warrior is heavily wounded.
You block the orc warrior's attack.
Your shield and chain mail prevent you from hitting the orc warrior.
The orc warrior is heavily wounded.
The orc warrior hits you with a dire flail.
You die...

#<.# #.#
... .. ###
#.. #o# #o#
#o# #@# #.#
#.##
###.#.####
..###...#
###.#[##.##
##.##...##
#.........
#.###+###..


You could see an orc warrior and 2 orcs.

Vanquished Creatures
  The ghost of Lathuz the Cudgeler, a novice GrFi of Okawaru (D:6)
  Duvessa (D:6)
  2 sky beasts (D:6)
  3 ogres
  A centaur (D:5)
  3 giant frogs (D:6)
  A gnoll sergeant (D:6)
  Dowan (D:6)
  A crimson imp (D:5)
  A howler monkey (D:4)
  A jelly (D:6)
  A gnoll shaman (D:4)
  2 iguanas
  An orc wizard (D:4)
  3 worker ants
  A hound zombie (D:5)
  A worker ant zombie (D:5)
  Robin (D:3)
  20 gnolls
  10 adders
  2 oozes (D:4)
  An adder zombie (D:5)
  2 worms
  6 dart slugs
  6 giant geckos
  9 orcs
  7 giant cockroaches
  14 goblins
  18 hobgoblins
  15 jackals
  3 quokkas
  2 ball pythons
  8 bats
  A giant gecko zombie (D:5)
  3 giant newts
  8 kobolds
  12 rats
173 creatures vanquished.

Notes
Turn   | Place    | Note
--------------------------------------------------------------
     0 | D:1      | Lathuz the Gargoyle Fighter began the quest for the Orb.
     0 | D:1      | Reached XP level 1. HP: 14/14 MP: 1/1
    52 | D:1      | Reached XP level 2. HP: 19/19 MP: 2/2
   135 | D:1      | Reached skill level 3 in Maces & Flails
   192 | D:1      | Reached XP level 3. HP: 20/23 MP: 3/3
   238 | D:1      | Found a glowing golden altar of the Shining One.
   943 | D:2      | Reached skill level 4 in Maces & Flails
  1030 | D:1      | Reached XP level 4. HP: 12/28 MP: 4/4
  1719 | D:2      | Reached skill level 5 in Maces & Flails
  1719 | D:2      | Reached XP level 5. HP: 26/32 MP: 5/5
  2188 | D:3      | Noticed Robin
  2247 | D:3      | Killed Robin
  2545 | D:3      | Found a glowing silver altar of Zin.
  2680 | D:3      | Found a glowing drain.
  2937 | D:3      | Reached skill level 6 in Maces & Flails
  2947 | D:3      | Reached XP level 6. HP: 37/37 MP: 6/6
  3352 | D:4      | Reached skill level 7 in Maces & Flails
  3441 | D:4      | Found an iron altar of Okawaru.
  3493 | D:4      | Became a worshipper of Warmaster Okawaru
  3523 | D:4      | Reached XP level 7. HP: 29/41 MP: 5/7
  3749 | D:4      | Found a bloodstained altar of Trog.
  4133 | D:4      | Reached skill level 8 in Maces & Flails
  4229 | D:4      | Found a snail-covered altar of Cheibriados.
  4401 | D:5      | Entered Level 5 of the Dungeon
  4465 | D:5      | Reached * piety under Okawaru
  4901 | D:5      | Reached skill level 9 in Maces & Flails
  4901 | D:5      | Reached XP level 8. HP: 29/46 MP: 8/8
  5579 | D:6      | Reached ** piety under Okawaru
  5579 | D:6      | Reached skill level 10 in Maces & Flails
  5685 | D:6      | Noticed Lathuz's ghost (novice GrFi)
  5716 | D:6      | Killed Lathuz's ghost
  5786 | D:6      | Found a shadowy altar of Dithmenos.
  5797 | D:6      | Reached skill level 11 in Maces & Flails
  5828 | D:6      | Reached XP level 9. HP: 48/51 MP: 9/9
  5862 | D:6      | Noticed Dowan
  5865 | D:6      | Noticed Duvessa
  5874 | D:6      | Killed Duvessa
  5881 | D:6      | Killed Dowan
  6025 | D:6      | HP: 1/51 [orc warrior/dire flail (6)]
  6032 | D:6      | Slain by an orc warrior

Skill      XL: |  1  2  3  4  5  6  7  8 |
---------------+-------------------------+-----
Maces & Flails | 3 4 5 6 7 9 11 | 11.6
Fighting       | |  3.2
Armour         | |  3.2
Shields        | |  3.2

Action                   |  1- 3 |  4- 6 |  7- 9 || total
-------------------------+-------+-------+-------++-------
Melee: Flail             |   129 |   354 |   414 ||   897
  Use: Scroll            |       |     4 |     5 ||     9
  Eat: Chunk             |     1 |     8 |     5 ||    14
       Fruit             |       |       |     3 ||     3
       Pizza             |       |       |     1 ||     1
Armor: Scale mail        |    90 |    16 |       ||   106
       Chain mail        |       |   228 |   174 ||   402
Dodge: Dodged            |    54 |    96 |    61 ||   211
Block: Shield            |    94 |   190 |   245 ||   529
